nht, chaotic female elven Wizard ------- |.....-- ------ |...... ## |....| |......| # |.....# |.......########## |....|# |......| ## |....|# --.....| ## |....|# ----|-- # |>...|# # #I ------# # # # # # # # # # ###--------.-- #-.........| |.*.%...... |.<...(...| ----------- nht the Conjurer Experience level: 3 Strength: 14 Dexterity: 9 Constitution: 12 Intelligence: 20 Wisdom: 11 Charisma: 8 Health: 0(22) Energy: 37(37) Def: 1 Gold: 208 Moves: 713 Dungeon seed: MPMS2doL2PE2RUFM Game ID: nht_1433412335 Your Inventory: Coins $ - 208 gold pieces Amulets A - an uncursed amulet versus poison Weapons a - a blessed +1 quarterstaff (weapon in hands) Armor e - an uncursed +0 cloak of magic resistance (being worn) Comestibles z - 2 uncursed food rations Scrolls i - an uncursed scroll of create monster j - an uncursed scroll of light k - an uncursed scroll of confuse monster x - an uncursed scroll of scare monster Spellbooks m - a blessed spellbook of magic missile n - an uncursed spellbook of protection q - an uncursed spellbook of force bolt t - a blessed spellbook of blank paper Potions f - an uncursed potion of healing g - an uncursed potion of booze h - an uncursed potion of blindness r - an uncursed potion of oil s - a blessed potion of invisibility u - an uncursed potion of hallucination v - an uncursed potion of confusion w - an uncursed potion of sickness Rings c - an uncursed +2 ring of adornment d - an uncursed ring of protection from shape changers Wands b - a wand of enlightenment (0:12) Tools o - a magic marker (0:46) p - an uncursed tooled horn Spells known in the end: Name Level Category Fail Memory a - force bolt 1 attack 0% 97% b - magic missile 2 attack 0% 97% c - protection 1 clerical 0% 97% d - detect monsters 1 divination 0% 98% Your skills at the end: Fighting Skills Weapon Skills quarterstaff [Basic] Spellcasting Skills attack spells [Basic] enchantment spells [Basic] Final Attributes: You were piously aligned. You were magic-protected. You had infravision. You are dead. Vanquished creatures: an acid blob 2 hobbits a green mold 6 jackals a fox 2 goblins 4 sewer rats 2 grid bugs a newt 20 creatures vanquished. Voluntary challenges: You went without food. You were an atheist. You used a wielded weapon 22 times, starting on turn 135. You read items or engraved 2 times, starting on turn 223. You never genocided any monsters. You never polymorphed an object. You never changed form. You used no wishes. You never split a pudding. You never wrote Elbereth's name. You never violated your personal moral code. You disabled loading bones files. Dungeon overview: The Dungeons of Doom: levels 1 to 5 Level 1 a long staircase Level 2 a fountain, a sink Level 3 Level 4 <- You were here Level 5 History has recorded: On T:1 you entered the Dungeons of Doom to retrieve the Amulet of Yendor! On T:158 you reached level 2 of The Dungeons of Doom. On T:334 you reached level 3 of The Dungeons of Doom. On T:375 you reached level 4 of The Dungeons of Doom. On T:378 you advanced to experience level 2. On T:482 you advanced to experience level 3. On T:559 you reached level 5 of The Dungeons of Doom. Score breakdown: Gold: 208 ( 7892 points) Experience: 3 levels ( 7878 points) Exploration: 5 levels ( 10.00%) ( 8571 points) Discoveries: 2 items ( 0.72%) ( 2553 points) Valuables value: (no points given unless you survive) Artifact value: 0 ( 0 points) Variety of kills: 9 monsters ( 2.37%) ( 4622 points) Time penalty: 713 turns ( 0 points) Survival: died (score multiplied by 80%) Total score: 25212 Latest messages: You kill the sewer rat! The hobgoblin zaps a wand of sleep! The sleep ray hits you! The sleep ray bounces! The sleep ray hits you! The sleep ray misses it. Something hits! (4x) You die... Final status: Goodbye nht the Wizard, killed by a hobgoblin, while sleeping... You died in The Dungeons of Doom on dungeon level 4 with 25212 points, and 208 pieces of gold, after 713 moves. You were level 3 with a maximum of 22 hit points when you died.